 Dungeon Crawl Stone Soup version 0.18-a0-1778-gadce9fa (webtiles) character file.

193 4thArraOfDagon the Ruffian (level 5, -4/67 HPs)
             Began as a Troll Earth Elementalist on Apr 16, 2016.
             Slain by an ice beast (8 damage)
             ... on level 5 of the Dungeon.
             The game lasted 00:05:14 (697 turns).

4thArraOfDagon the Ruffian (TrEE)                    Turns: 697, Time: 00:05:14

Health: -4/67      AC: 22    Str: 16    XL:     5   Next: 44%
Magic:  5/5        EV:  1    Int: 12    God:
Gold:   100        SH:  0    Dex: 10    Spells: 1 memorised, 5 levels left

rFire  . . .     SeeInvis .       - Unarmed
rCold  . . .     Gourm    +     (armour currently unavailable)
rNeg   + + +     Faith    .     (no shield)
rPois  +         Spirit   .     (helmet currently unavailable)
rElec  .         Dismiss  .     (cloak currently unavailable)
rCorr  .         Reflect  .     (gloves unavailable)
SustAt .         Harm     .     (boots unavailable)
MR     .....     NoTele   +     (no amulet)
Stlth  +.........               (no ring)
                                l - ring of loudness (curse)

@: tree-form, not resistant to hostile enchantments, very unstealthy
A: unfitting armour, (claws 0), fast metabolism 3, gourmand, regeneration 2,
(shaggy fur 0), (tough skin 0)
a: no special abilities


You were on level 5 of the Dungeon.
You were full.
You were a tree.
You visited 1 branch of the dungeon, and saw 5 of its levels.

You collected 100 gold pieces.

Inventory:

Hand Weapons
 o - a +2 whip of distortion
Missiles
 p - 3 curare-tipped needles
Armour
 a - a +0 robe (melded)
Jewellery
 l - a cursed ring of loudness (left branch)
Wands
 m - a wand of digging (17/24)
Scrolls
 e - 2 scrolls of identify
 k - 3 scrolls of remove curse {unknown}
 n - a scroll of amnesia {unknown}
Potions
 b - a potion of curing {unknown}
 h - a potion of heal wounds {unknown}
 i - a potion of magic
 j - a potion of degeneration {unknown}
 q - a potion of experience {unknown}
Books
 c - a book of Geomancy

   Spells                             Type                      Level
   a - Sandblast                      Earth                        1
   b - Passwall                       Transmutation/Earth          2
   c - Stone Arrow                    Conjuration/Earth            3
   d - Petrify                        Transmutation/Earth          4
   e - Lee's Rapid Deconstruction     Earth                        5
Comestibles
 d - 4 bread rations
 f - a meat ration


   Skills:
 - Level 1.5 Dodging
 - Level 1.1 Stealth
 * Level 5.2 Unarmed Combat
 - Level 1.2 Spellcasting
   Level 0.6 Transmutations
 - Level 2.6 Earth Magic


You had 5 spell levels left.
You knew the following spells:

 Your Spells              Type           Power        Failure   Level  Hunger
a - Sandblast             Erth           #.....       12%         1    ##.....


Dungeon Overview and Level Annotations

Branches:
Dungeon (5/15)
 Temple: D:4-7

Altars:
Pakellas
Xom

Annotations:
D:4 Jano's ghost, amateur FoFi


Innate Abilities, Weirdness & Mutations

You are too large for most types of armour.
((You have claws for hands.))
Your metabolism is lightning-fast.
You like to eat raw meat.
You heal very quickly.
((You are covered in fur (AC +1).))
((You have very tough skin (AC +2).))


Message History

The ice beast hits you. The ice beast freezes you!
* * * LOW HITPOINT WARNING * * *
You are too injured to fight recklessly!
You are too injured to fight recklessly!
Drink which item? (? for menu, Esc to quit)
It was a potion of lignification.
You turn into a tree.
Your +0 robe melds into your body.
Your roots penetrate the ground.
The ice beast hits you but does no damage.
You hit the ice beast but do no damage. Your punch misses the ice beast.
The ice beast is heavily wounded.
The ice beast hits you but does no damage.
You smack the ice beast!
The ice beast is severely wounded.
The ice beast hits you but does no damage.
You hit the ice beast but do no damage. Your punch misses the ice beast.
The ice beast is severely wounded.
The ice beast hits you.
* * * LOW HITPOINT WARNING * * *
The ice beast freezes you!
You die...

## ### #.
##...#.
.......#######
#.ZhY♣..#
#...####.##
#≈≈≈ #.# .≈≈..
#)# #.≈... #<#
#.≈.h_ ###
...≈.§.
##.≈≈s.


You could see an ice beast, an adder zombie and a jackal.

Vanquished Creatures
  A jelly (D:5)
  An orc priest (D:3)
  2 orc wizards
  4 adders
  2 dart slugs
  A giant gecko (D:2)
  8 orcs (D:3)
  3 bats (D:2)
  2 giant cockroaches (D:1)
  A hobgoblin (D:2)
  A quokka (D:2)
  2 giant newts
  8 goblins
  4 rats
40 creatures vanquished.

Vanquished Creatures (others)
  A worm (D:5)
1 creature vanquished.

Grand Total: 41 creatures vanquished

Notes
Turn   | Place    | Note
--------------------------------------------------------------
     0 | D:1      | 4thArraOfDagon the Troll Earth Elementalist began the quest for the Orb.
     0 | D:1      | Reached XP level 1. HP: 16/16 MP: 1/1
     0 | D:1      | INVOKE BEEM
     9 | D:1      | Reached skill level 1 in Unarmed Combat
    86 | D:1      | Reached XP level 2. HP: 24/24 MP: 2/2
   146 | D:2      | Reached skill level 2 in Unarmed Combat
   195 | D:2      | Reached XP level 3. HP: 29/31 MP: 3/3
   197 | D:2      | Found an oddly glowing altar of Pakellas.
   254 | D:3      | Reached skill level 3 in Unarmed Combat
   278 | D:4      | Noticed Jano's ghost (amateur FoFi)
   394 | D:2      | Reached XP level 4. HP: 30/39 MP: 4/4
   496 | D:3      | Reached skill level 4 in Unarmed Combat
   558 | D:3      | Reached XP level 5. HP: 34/45 MP: 5/5
   665 | D:5      | Entered Level 5 of the Dungeon
   668 | D:5      | Reached skill level 5 in Unarmed Combat
   683 | D:5      | Found a shimmering altar of Xom.
   683 | D:5      | Noticed an ice beast
   697 | D:5      | Slain by an ice beast

Vault maps used:
D:1:      eino_arrival_water_star
D:2:      first_bread, grunt_pakellas_basics
D:3:      uniq_terence, uniq_grinder, uniq_natasha
D:5:      grunt_qazlal_clouds, kennysheep_mini_moat, xom_confusion_cloud,
          minmay_temple_entry_enclosed_plants, uniq_menkaure

Skill      XL: |  1  2  3  4  5 |
---------------+----------------+-----
Unarmed Combat | 1 2 3 4 5 |  5.2
Dodging        | |  1.5
Stealth        | |  1.1
Spellcasting   | |  1.2
Transmutations | |  0.6
Earth Magic    | |  2.6

Action                   |  1- 3 |  4- 6 || total
-------------------------+-------+-------++-------
Melee: Unarmed           |    52 |    57 ||   109
       Punch             |       |     1 ||     1
Evoke: Wand              |     1 |       ||     1
  Use: Potion            |     1 |     2 ||     3
       Scroll            |     3 |       ||     3
  Eat: Chunk             |     7 |     1 ||     8
Armor: Robe              |    21 |    10 ||    31
       Skin              |       |     3 ||     3
Dodge: Dodged            |    33 |    19 ||    52
